Workbook

Sheet Instructions
B3: This model was prepared by Commission staff in connection with case number 20-0203-INV, the Investigation into the establishment of reduced rates for low-income residential ratepayers of Vermont electric utilities
B5: There are several factors users may adjust to test the results for sensitivity to changes in relevant variables.
B6: *Model tab, c3 cell: Participation rate refers to the percentage of eligible customers who enroll in a program. Currently, GMP's program receives about 30% enrollment. Industry-best for enrollment is around 45%. It generally takes several years for enrollment to reach this peak. You can adjust the participation rate by entering a decimal in this cell.
B8: +Model tab, c4 cell: Percentage bill covered refers to the percentage of a given low-income customer's bill that would be offset in the program. GMP's program currently covers 25% of participating customers' bill. You can adjust this amount by entering a decimal in this cell.
B10: ^Model tab, c5 cell: Qualifying customers sensitivity factor is an adjustment factor which can be applied to the number of qualifying customers. This factor adjusts the number upward or downward by a given decimal entered by the user. For example, if you think that there may be 10% more qualifying customers than the model assumes, enter +0.10 into this cell. If you think there may be 10% fewer qualifying customers than we have estimated here, enter the number -0.10 into this cell. This cell was used to produce the ranges presented in the "Outputs" tab. We adjusted the number of qualifying customers 10% upward to arrive at the higher range, and 10% downward to arrive at the lower range.
B12: Data sources: data for this model were entered from utility filings submitted on June 10, 2022 in Case No. 20-0203-INV. The "Percentage at 185% FPL" column was taken from a filing by GMP on that date which estimated the percentage of low-income customers in each utility service territory. We applied this percentage to the number of residential customers as provided by each utility.

Sheet Model
A2: Variables
B3: Participation rate* | C3: 0.3
B4: Percentage bill covered+ | C4: 0.25
B5: Qualifying customers sensitivity factor^ | C5: 0
A7: Raw Data
B8: Utility | C8: Total customers (5 yr) | D8: Res. Customers (5 yr) | E8: Res. Revenue (5 yr) | F8: Percentage at 185% FPL | G8: Qualifying customers | H8: Ave. Res. Bill | I8: annual revenue needed | J8: $ bill impact | K8: % bill impact | L8: Bill impact (participating)
B9: GMP | C9: ='Raw data'!H7 -> 266400.8 | D9: ='Raw data'!H8 -> 222678 | E9: ='Raw data'!H9 -> 2.8425406e+08 | F9: 0.221 | G9: =(D9*F9)+((F9*$C$5)*D9) -> 49211.838 | H9: =(E9/D9)/12 -> 106.37709 | I9: =(G9*$C$3)*(H9*$C$4*12) -> 4711511.1 | J9: =(I9/C9)/12 -> 1.4738166 | K9: =J9/H9 -> 0.013854643 | L9: =-(H9+J9)*0.25 -> -26.962728
B10: VEC | C10: ='Raw data'!H11 -> 39629.6 | D10: ='Raw data'!H12 -> 34916 | E10: ='Raw data'!H13 -> 43666639 | F10: 0.217 | G10: =(D10*F10)+((F10*$C$5)*D10) -> 7576.772 | H10: =(E10/D10)/12 -> 104.21831 | I10: =(G10*$C$3)*(H10*$C$4*12) -> 710674.54 | J10: =(I10/C10)/12 -> 1.4944102 | K10: =J10/H10 -> 0.014339229 | L10: =-(H10+J10)*0.25 -> -26.42818
B11: WEC | C11: ='Raw data'!H15 -> 11538 | D11: ='Raw data'!H16 -> 10962.4 | E11: ='Raw data'!H17 -> 14012084 | F11: 0.236 | G11: =(D11*F11)+((F11*$C$5)*D11) -> 2587.1264 | H11: =(E11/D11)/12 -> 106.51624 | I11: =(G11*$C$3)*(H11*$C$4*12) -> 248013.88 | J11: =(I11/C11)/12 -> 1.791283 | K11: =J11/H11 -> 0.016816994 | L11: =-(H11+J11)*0.25 -> -27.076881
B12: BED | C12: ='Raw data'!H3 -> 21152.6 | D12: ='Raw data'!H4 -> 17202.2 | E12: ='Raw data'!H5 -> 13426943 | F12: 0.395 | G12: =(D12*F12)+((F12*$C$5)*D12) -> 6794.869 | H12: =(E12/D12)/12 -> 65.044698 | I12: =(G12*$C$3)*(H12*$C$4*12) -> 397773.18 | J12: =(I12/C12)/12 -> 1.5670776 | K12: =J12/H12 -> 0.024092318 | L12: =-(H12+J12)*0.25 -> -16.652944
B13: Stowe | C13: ='Raw data'!H19 -> 4261.2 | D13: ='Raw data'!H20 -> 3453.4 | E13: ='Raw data'!H21 -> 4495620 | F13: 0.256 | G13: =(D13*F13)+((F13*$C$5)*D13) -> 884.0704 | H13: =(E13/D13)/12 -> 108.48294 | I13: =(G13*$C$3)*(H13*$C$4*12) -> 86315.904 | J13: =(I13/C13)/12 -> 1.6880203 | K13: =J13/H13 -> 0.015560237 | L13: =-(H13+J13)*0.25 -> -27.542741
B14: Hyde Park | C14: ='Raw data'!H23 -> 1354.4 | D14: ='Raw data'!H24 -> 1196.6 | E14: ='Raw data'!H25 -> 1474153.6 | F14: 0.206 | G14: =(D14*F14)+((F14*$C$5)*D14) -> 246.4996 | H14: =(E14/D14)/12 -> 102.66266 | I14: =(G14*$C$3)*(H14*$C$4*12) -> 22775.673 | J14: =(I14/C14)/12 -> 1.4013384 | K14: =J14/H14 -> 0.013649934 | L14: =-(H14+J14)*0.25 -> -26.015998
B15: Barton | C15: ='VPPSA data'!I96 -> 2177.25 | D15: ='VPPSA data'!D96 -> 1959.55 | E15: ='VPPSA data'!R96 -> 2061452.4 | F15: 0.348 | G15: =(D15*F15)+((F15*$C$5)*D15) -> 681.9234 | H15: =(E15/D15)/12 -> 87.666912 | I15: =(G15*$C$3)*(H15*$C$4*12) -> 53803.907 | J15: =(I15/C15)/12 -> 2.059322 | K15: =J15/H15 -> 0.0234903 | L15: =-(H15+J15)*0.25 -> -22.431559
B16: Enosburg | C16: ='VPPSA data'!I97 -> 1768.3333 | D16: ='VPPSA data'!D97 -> 1544.4167 | E16: ='VPPSA data'!R97 -> 2283009.4 | F16: 0.24 | G16: =(D16*F16)+((F16*$C$5)*D16) -> 370.66 | H16: =(E16/D16)/12 -> 123.18617 | I16: =(G16*$C$3)*(H16*$C$4*12) -> 41094.169 | J16: =(I16/C16)/12 -> 1.9365772 | K16: =J16/H16 -> 0.015720735 | L16: =-(H16+J16)*0.25 -> -31.280688
B17: Hardwick | C17: ='VPPSA data'!I98 -> 4490.4 | D17: ='VPPSA data'!D98 -> 4055.9 | E17: ='VPPSA data'!R98 -> 4159662.4 | F17: 0.206 | G17: =(D17*F17)+((F17*$C$5)*D17) -> 835.5154 | H17: =(E17/D17)/12 -> 85.465257 | I17: =(G17*$C$3)*(H17*$C$4*12) -> 64266.784 | J17: =(I17/C17)/12 -> 1.19267 | K17: =J17/H17 -> 0.013955027 | L17: =-(H17+J17)*0.25 -> -21.664482
B18: Jacksonville | C18: ='VPPSA data'!I99 -> 716.4 | D18: ='VPPSA data'!D99 -> 660.13333 | E18: ='VPPSA data'!R99 -> 607185.05 | F18: 0.268 | G18: =(D18*F18)+((F18*$C$5)*D18) -> 176.91573 | H18: =(E18/D18)/12 -> 76.649294 | I18: =(G18*$C$3)*(H18*$C$4*12) -> 12204.42 | J18: =(I18/C18)/12 -> 1.4196468 | K18: =J18/H18 -> 0.018521329 | L18: =-(H18+J18)*0.25 -> -19.517235
B19: Johnson | C19: ='VPPSA data'!I100 -> 977.83333 | D19: ='VPPSA data'!D100 -> 805.26667 | E19: ='VPPSA data'!R100 -> 907410.89 | F19: 0.367 | G19: =(D19*F19)+((F19*$C$5)*D19) -> 295.53287 | H19: =(E19/D19)/12 -> 93.903768 | I19: =(G19*$C$3)*(H19*$C$4*12) -> 24976.485 | J19: =(I19/C19)/12 -> 2.1285567 | K19: =J19/H19 -> 0.022667426 | L19: =-(H19+J19)*0.25 -> -24.008081
B20: Ludlow | C20: ='VPPSA data'!I101 -> 3772.8 | D20: ='VPPSA data'!D101 -> 3045.8 | E20: ='VPPSA data'!R101 -> 2291905.6 | F20: 0.276 | G20: =(D20*F20)+((F20*$C$5)*D20) -> 840.6408 | H20: =(E20/D20)/12 -> 62.706722 | I20: =(G20*$C$3)*(H20*$C$4*12) -> 47442.446 | J20: =(I20/C20)/12 -> 1.0479053 | K20: =J20/H20 -> 0.016711212 | L20: =-(H20+J20)*0.25 -> -15.938657
B21: Lyndonville | C21: ='VPPSA data'!I102 -> 5785.6333 | D21: ='VPPSA data'!D102 -> 4854.1 | E21: ='VPPSA data'!R102 -> 4894476.5 | F21: 0.299 | G21: =(D21*F21)+((F21*$C$5)*D21) -> 1451.3759 | H21: =(E21/D21)/12 -> 84.026502 | I21: =(G21*$C$3)*(H21*$C$4*12) -> 109758.64 | J21: =(I21/C21)/12 -> 1.5809078 | K21: =J21/H21 -> 0.018814395 | L21: =-(H21+J21)*0.25 -> -21.401852
B22: Morrisville | C22: ='VPPSA data'!I103 -> 4202.2 | D22: ='VPPSA data'!D103 -> 3544.8 | E22: ='VPPSA data'!R103 -> 3437523 | F22: 0.24 | G22: =(D22*F22)+((F22*$C$5)*D22) -> 850.752 | H22: =(E22/D22)/12 -> 80.8114 | I22: =(G22*$C$3)*(H22*$C$4*12) -> 61875.414 | J22: =(I22/C22)/12 -> 1.227044 | K22: =J22/H22 -> 0.015184046 | L22: =-(H22+J22)*0.25 -> -20.509611
B23: Northfield | C23: ='VPPSA data'!I104 -> 1859.7333 | D23: ='VPPSA data'!D104 -> 1615.0167 | E23: ='VPPSA data'!R104 -> 1421000.5 | F23: 0.247 | G23: =(D23*F23)+((F23*$C$5)*D23) -> 398.90912 | H23: =(E23/D23)/12 -> 73.322283 | I23: =(G23*$C$3)*(H23*$C$4*12) -> 26324.034 | J23: =(I23/C23)/12 -> 1.1795613 | K23: =J23/H23 -> 0.016087351 | L23: =-(H23+J23)*0.25 -> -18.625461
B24: Orleans | C24: ='VPPSA data'!I105 -> 668.28333 | D24: ='VPPSA data'!D105 -> 579.13333 | E24: ='VPPSA data'!R105 -> 521194.91 | F24: 0.398 | G24: =(D24*F24)+((F24*$C$5)*D24) -> 230.49507 | H24: =(E24/D24)/12 -> 74.996389 | I24: =(G24*$C$3)*(H24*$C$4*12) -> 15557.668 | J24: =(I24/C24)/12 -> 1.940004 | K24: =J24/H24 -> 0.025867965 | L24: =-(H24+J24)*0.25 -> -19.234098
B25: Swanton | C25: ='VPPSA data'!I106 -> 3741.2 | D25: ='VPPSA data'!D106 -> 3295.6 | E25: ='VPPSA data'!R106 -> 3466814.4 | F25: 0.229 | G25: =(D25*F25)+((F25*$C$5)*D25) -> 754.6924 | H25: =(E25/D25)/12 -> 87.662702 | I25: =(G25*$C$3)*(H25*$C$4*12) -> 59542.537 | J25: =(I25/C25)/12 -> 1.3262798 | K25: =J25/H25 -> 0.015129352 | L25: =-(H25+J25)*0.25 -> -22.247245
B26: Statewide pooling | C26: =SUM(C9:C25) -> 374496.67 | D26: =SUM(D9:D25) -> 316368.32 | E26: =SUM(E9:E25) -> 3.8738114e+08 | G26: =SUM(G9:G25) -> 74188.588 | H26: =(E26/D26)/12 -> 102.03854 | I26: =(G26*$C$3)*(H26*$C$4*12) -> 6813085.7 | J26: =(I26/C26)/12 -> 1.5160539 | K26: =J26/H26 -> 0.01485766 | L26: =-(H26+J26)*0.25 -> -25.888649
B27: Statewide minus GMP | C27: =SUM(C10:C25) -> 108095.87 | D27: =SUM(D10:D25) -> 93690.317 | E27: =SUM(E10:E25) -> 1.0312707e+08 | G27: =SUM(G10:G25) -> 24976.75 | H27: =(E27/D27)/12 -> 91.726905 | I27: =(G27*$C$3)*(H27*$C$4*12) -> 2061936 | J27: =(I27/C27)/12 -> 1.589589 | K27: =J27/H27 -> 0.017329583 | L27: =-(H27+J27)*0.25 -> -23.329124

Sheet Raw data
A2: Utility | B2: Field name | C2: 2017 | D2: 2018 | E2: 2019 | F2: 2020 | G2: 2021 | H2: Average
A3: BED | B3: Customer count | C3: 20834 | D3: 21005 | E3: 21187 | F3: 21373 | G3: 21364 | H3: =AVERAGE(C3:G3) -> 21152.6
B4: Res customers | C4: 16957 | D4: 17096 | E4: 17260 | F4: 17348 | G4: 17350 | H4: =AVERAGE(C4:G4) -> 17202.2
B5: Res. Revenue | C5: 12588803 | D5: 13357732 | E5: 12947145 | F5: 13888394 | G5: 14352640 | H5: =AVERAGE(C5:G5) -> 13426943
B6: Total Revenue | C6: 46346808 | D6: 46775404 | E6: 45171368 | F6: 43419223 | G6: 45688787 | H6: =AVERAGE(C6:G6) -> 45480318
A7: GMP | B7: Customer count | C7: =282689-19161 -> 263528 | D7: =283611-18804 -> 264807 | E7: =284628-18429 -> 266199 | F7: =285749-18146 -> 267603 | G7: =288160-18293 -> 269867 | H7: =AVERAGE(C7:G7) -> 266400.8
B8: Res customers | C8: =237686-16301 -> 221385 | D8: =237933-15952 -> 221981 | E8: =238299-15551 -> 222748 | F8: =237956-15199 -> 222757 | G8: =239870-15351 -> 224519 | H8: =AVERAGE(C8:G8) -> 222678
B9: Res. Revenue | C9: 251352220 | D9: 277891882 | E9: 285242765 | F9: 300643523 | G9: 306139919 | H9: =AVERAGE(C9:G9) -> 2.8425406e+08
B10: Total Revenue | C10: 585318967 | D10: 634468674 | E10: 650406503 | F10: 652709234 | G10: 670105149 | H10: =AVERAGE(C10:G10) -> 6.3860171e+08
A11: VEC | B11: Customer count | C11: 39078 | D11: 39345 | E11: 39582 | F11: 39889 | G11: 40254 | H11: =AVERAGE(C11:G11) -> 39629.6
B12: Res customers | C12: 34519 | D12: 34706 | E12: 34880 | F12: 35104 | G12: 35371 | H12: =AVERAGE(C12:G12) -> 34916
B13: Res. Revenue | C13: 41467266 | D13: 43235988 | E13: 42488851 | F13: 45505417 | G13: 45635671 | H13: =AVERAGE(C13:G13) -> 43666639
B14: Total Revenue | C14: 72621325 | D14: 74834439 | E14: 72924595 | F14: 75609174 | G14: 76270205 | H14: =AVERAGE(C14:G14) -> 74451948
A15: WEC | B15: Customer count | C15: 11057 | D15: 11519 | E15: 11612 | F15: 11711 | G15: 11791 | H15: =AVERAGE(C15:G15) -> 11538
B16: Res customers | C16: 10851 | D16: 10863 | E16: 10941 | F16: 11039 | G16: 11118 | H16: =AVERAGE(C16:G16) -> 10962.4
B17: Res. Revenue | C17: 12630385 | D17: 13261866 | E17: 13817644 | F17: 15193295 | G17: 15157228 | H17: =AVERAGE(C17:G17) -> 14012084
B18: Total Revenue | C18: 14372692 | D18: 14958151 | E18: 15537555 | F18: 16854741 | G18: 16944851 | H18: =AVERAGE(C18:G18) -> 15733598
A19: Stowe | B19: Customer count | C19: 4162 | D19: 4226 | E19: 4264 | F19: 4296 | G19: 4358 | H19: =AVERAGE(C19:G19) -> 4261.2
B20: Res customers | C20: 3390 | D20: 3441 | E20: 3405 | F20: 3494 | G20: 3537 | H20: =AVERAGE(C20:G20) -> 3453.4
B21: Res. Revenue | C21: 3987600 | D21: 4327500 | E21: 4432200 | F21: 4809500 | G21: 4921300 | H21: =AVERAGE(C21:G21) -> 4495620
B22: Total Revenue | C22: 11550000 | D22: 13173500 | E22: 11878300 | F22: 11623300 | G22: 12334700 | H22: =AVERAGE(C22:G22) -> 12111960
A23: Hyde Park | B23: Customer count | C23: =1330 -> 1330 | D23: 1332 | E23: 1351 | F23: 1371 | G23: 1388 | H23: =AVERAGE(C23:G23) -> 1354.4
B24: Res customers | C24: 1179 | D24: 1178 | E24: 1191 | F24: 1208 | G24: 1227 | H24: =AVERAGE(C24:G24) -> 1196.6
B25: Res. Revenue | C25: 1383665 | D25: 1410120 | E25: 1482451 | F25: 1534498 | G25: 1560034 | H25: =AVERAGE(C25:G25) -> 1474153.6
B26: Total Revenue | C26: 2033118 | D26: 2068098 | E26: 2212585 | F26: 2268951 | G26: 2334241 | H26: =AVERAGE(C26:G26) -> 2183398.6

Sheet VPPSA data
B4: 2017 | C4: 2017
C5: 2017
D6: Customer Count | K6: Annual Retail Sales (kWh) | R6: Annual Retail Revenue ($)
C7: VPPSA MEMBER | D7: Residential | E7: Small Commercial | F7: Large Commercial | G7: Industrial | H7: SL/Other | I7: Total Customer Count | K7: Residential (kWh) | L7: Small Commercial (kWh) | M7: Large Commercial (kWh) | N7: Industrial (kWh) | O7: SL/Other (kWh) | P7: Total Retail Sales (kWh) | R7: Residential ($) | S7: Small Commercial ($) | T7: Large Commercial ($) | U7: Industrial ($) | V7: SL/Other ($) | W7: Total Annual Revenue ($)
C8: Barton | D8: 1948.6667 | E8: 188.83333 | F8: 25 | G8: 0 | H8: 5 | I8: =SUM(D8:H8) -> 2167.5 | K8: 10057047 | L8: 940859 | M8: 2388291 | N8: 0 | O8: 126308 | P8: =SUM(K8:O8) -> 13512505 | R8: 2046047.7 | S8: 210509 | T8: 476087.47 | U8: 0 | V8: 33880.02 | W8: =SUM(R8:V8) -> 2766524.1
C9: Enosburg | D9: 1521.75 | E9: 187 | F9: 21.333333 | G9: 4 | H9: 7 | I9: =SUM(D9:H9) -> 1741.0833 | K9: 13562208 | L9: 2216305 | M9: 3070916 | N9: 7164920 | O9: 158052.55 | P9: =SUM(K9:O9) -> 26172402 | R9: 2178035.3 | S9: 362768.56 | T9: 474166.01 | U9: 938325.76 | V9: 28070.996 | W9: =SUM(R9:V9) -> 3981366.6
C10: Hardwick | D10: 4061 | E10: 385 | F10: 30 | G10: 0 | H10: 50 | I10: =SUM(D10:H10) -> 4526 | K10: 23141723 | L10: 5006241 | M10: 5072305 | N10: 0 | O10: 184520 | P10: =SUM(K10:O10) -> 33404789 | R10: 4095915 | S10: 917782 | T10: 837296 | U10: 0 | V10: 45052 | W10: 5896045
C11: Jacksonville | D11: 653.16667 | E11: 51.416667 | F11: 0 | G11: 4 | H11: 1 | I11: =SUM(D11:H11) -> 709.58333 | K11: 3500313 | L11: 570901 | M11: 0 | N11: 866081 | O11: 17094.15 | P11: =SUM(K11:O11) -> 4954389.2 | R11: 571261.46 | S11: 99062.92 | T11: 0 | U11: 149791.31 | V11: 3307.76 | W11: =SUM(R11:V11) -> 823423.45
C12: Johnson | D12: 788 | E12: 124 | F12: 13 | G12: 0 | H12: 33 | I12: =SUM(D12:H12) -> 958 | K12: 4928055 | L12: 1791523.8 | M12: 5462097 | N12: 0 | O12: 67208 | P12: =SUM(K12:O12) -> 12248884 | R12: 862193.2 | S12: 342394.77 | T12: 880528.99 | U12: 0 | V12: 16015.65 | W12: =SUM(R12:V12) -> 2101132.6
C13: Ludlow | D13: 3034 | E13: na | F13: 703 | G13: 4 | H13: 4 | I13: =SUM(D13:H13) -> 3745 | K13: 15978156 | L13: na | M13: 17738108 | N13: 13283160 | O13: =348276+72664 -> 420940 | P13: =SUM(K13:O13) -> 47420364 | R13: 2139342 | S13: na | T13: 2898329 | U13: 2353225 | V13: 100494 | W13: =SUM(R13:V13) -> 7491390
C14: Lyndonville | D14: 4824.25 | E14: 852.5 | F14: 42 | G14: 0 | H14: 0 | I14: 5724.75 | K14: 30394368 | L14: 12001254 | M14: 18033223 | N14: 0 | O14: 487035 | P14: =SUM(K14:O14) -> 60915880 | R14: 4747332 | S14: 1870821 | T14: 2471793 | U14: 0 | V14: 102978 | W14: =SUM(R14:V14) -> 9192924
C15: Morrisville | D15: 3463 | E15: 642 | F15: 0 | G15: 0 | H15: 3 | I15: =SUM(D15:H15) -> 4108 | K15: 20767905 | L15: 23246887 | M15: 0 | N15: 0 | O15: 37400 | P15: =SUM(K15:O15) -> 44052192 | R15: 3272319 | S15: 3645010 | T15: 0 | U15: 0 | V15: 22680 | W15: =SUM(R15:V15) -> 6940009
C16: Northfield | D16: 1603.8333 | E16: 200.91667 | F16: 15.916667 | G16: 1 | H16: 32 | I16: =SUM(D16:H16) -> 1853.6667 | K16: 9862631 | L16: 2405120 | M16: 6848575 | N16: 8391724 | O16: 91938 | P16: =SUM(K16:O16) -> 27599988 | R16: 1360665.2 | S16: 387821.37 | T16: 886881.17 | U16: 1051376.4 | V16: 26403.92 | W16: =SUM(R16:V16) -> 3713148.1
C17: Orleans | D17: 582 | E17: 65 | F17: 0 | G17: 1 | H17: 21 | I17: =SUM(D17:H17) -> 669 | K17: 3921505 | L17: 1585929 | M17: 0 | N17: 6960000 | O17: 528678 | P17: =SUM(K17:O17) -> 12996112 | R17: 508644.95 | S17: 224095.93 | T17: 0 | U17: 1047885.6 | V17: 77331.22 | W17: =SUM(R17:V17) -> 1857957.7
C18: Swanton | D18: 3263 | E18: 332 | F18: 70 | G18: 0 | H18: 13 | I18: =SUM(D18:H18) -> 3678 | K18: 25023368 | L18: 4161015 | M18: 22785202 | N18: 0 | O18: 1030732 | P18: =SUM(K18:O18) -> 53000317 | R18: 3300678 | S18: 612416 | T18: 3027776 | U18: 0 | V18: 134578 | W18: =SUM(R18:V18) -> 7075448
C19: Total | D19: =SUM(D8:D18) -> 25742.667 | E19: =SUM(E8:E18) -> 3028.6667 | F19: =SUM(F8:F18) -> 920.25 | G19: =SUM(G8:G18) -> 14 | H19: =SUM(H8:H18) -> 169 | I19: =SUM(I8:I18) -> 29880.583 | K19: =SUM(K8:K18) -> 1.6113728e+08 | L19: =SUM(L8:L18) -> 53926035 | M19: =SUM(M8:M18) -> 81398717 | N19: =SUM(N8:N18) -> 36665885 | O19: =SUM(O8:O18) -> 3149905.7 | P19: =SUM(P8:P18) -> 3.3627782e+08 | R19: =SUM(R8:R18) -> 25082434 | S19: =SUM(S8:S18) -> 8672681.6 | T19: =SUM(T8:T18) -> 11952858 | U19: =SUM(U8:U18) -> 5540604.1 | V19: =SUM(V8:V18) -> 590791.57 | W19: =SUM(W8:W18) -> 51839369
B23: 2018 | C23: 2018
D24: Customer Count | K24: Annual Retail Sales (kWh) | R24: Annual Retail Revenue ($)
C25: VPPSA MEMBER | D25: Residential | E25: Small Commercial | F25: Large Commercial | G25: Industrial | H25: SL/Other | I25: Total Customer Count | K25: Residential (kWh) | L25: Small Commercial (kWh) | M25: Large Commercial (kWh) | N25: Industrial (kWh) | O25: SL/Other (kWh) | P25: Total Retail Sales (kWh) | R25: Residential ($) | S25: Small Commercial ($) | T25: Large Commercial ($) | U25: Industrial ($) | V25: SL/Other ($) | W25: Total Annual Revenue ($)
C26: Barton | D26: 1945.3333 | E26: 188.16667 | F26: 25 | G26: 0 | H26: 4.8333333 | I26: =SUM(D26:H26) -> 2163.3333 | K26: 10185244 | L26: 1018901 | M26: 2314700 | N26: 0 | O26: 127277 | P26: =SUM(K26:O26) -> 13646122 | R26: 2023464.1 | S26: 220235.61 | T26: 468974.01 | U26: 0 | V26: 34203.71 | W26: =SUM(R26:V26) -> 2746877.5
C27: Enosburg | D27: 1527.6667 | E27: 190.16667 | F27: 19.916667 | G27: 4 | H27: 7 | I27: =SUM(D27:H27) -> 1748.75 | K27: 14497056 | L27: 2297852 | M27: 2938148 | N27: 6962440 | O27: 152602.69 | P27: =SUM(K27:O27) -> 26848098 | R27: 2279475.3 | S27: 375503.97 | T27: 453979.99 | U27: 996986.01 | V27: 27288.615 | W27: =SUM(R27:V27) -> 4133233.9
C28: Hardwick | D28: 4066 | E28: 381 | F28: 29 | G28: 0 | H28: 20 | I28: =SUM(D28:H28) -> 4496 | K28: 23528620 | L28: =4990052 -> 4990052 | M28: 4846138 | N28: 0 | O28: =122710+58246 -> 180956 | P28: =SUM(K28:O28) -> 33545766 | R28: 4100333 | S28: =910999 -> 910999 | T28: 825896 | U28: 0 | V28: =44791 -> 44791 | W28: =SUM(R28:V28) -> 5882019
C29: Jacksonville | D29: 657.91667 | E29: 51.083333 | F29: 0 | G29: 4 | H29: 1 | I29: =SUM(D29:H29) -> 714 | K29: 3502190 | L29: 568351 | M29: 0 | N29: 899706 | O29: 17043.15 | P29: =SUM(K29:O29) -> 4987290.2 | R29: 598296.15 | S29: 98231.41 | T29: 0 | U29: 157000.22 | V29: 3293.92 | W29: =SUM(R29:V29) -> 856821.7
C30: Johnson | D30: 801.83333 | E30: 126.41667 | F30: 15.333333 | G30: 0 | H30: 33.083333 | I30: =SUM(D30:H30) -> 976.66667 | K30: 5152902.6 | L30: 1594005 | M30: 5696986 | N30: 0 | O30: 65597.41 | P30: =SUM(K30:O30) -> 12509491 | R30: 896541.03 | S30: 305065.56 | T30: 923855.2 | U30: 0 | V30: 15573.14 | W30: =SUM(R30:V30) -> 2141034.9
C31: Ludlow | D31: 3045 | E31: na | F31: 704 | G31: 4 | H31: 4 | I31: =SUM(D31:H31) -> 3757 | K31: 17141759 | L31: na | M31: 16905568 | N31: 20126143 | O31: =347690+58257 -> 405947 | P31: =SUM(K31:O31) -> 54579417 | R31: 2244246 | S31: na | T31: 2875778 | U31: 2859438 | V31: 98742 | W31: =SUM(R31:V31) -> 8078204
C32: Lyndonville | D32: 4839.75 | E32: 866.25 | F32: 41.25 | G32: 0 | H32: 0 | I32: =SUM(D32:H32) -> 5747.25 | K32: 31156590 | L32: 10936043 | M32: 15962108 | N32: 0 | O32: 477849 | P32: =SUM(K32:O32) -> 58532590 | R32: 4883650.5 | S32: 1823677 | T32: 2400958 | U32: 0 | V32: 99714 | W32: =SUM(R32:V32) -> 9207999.5
C33: Morrisville | D33: 3568 | E33: 648 | F33: 0 | G33: 0 | H33: 3 | I33: =SUM(D33:H33) -> 4219 | K33: 21688925 | L33: 24062506 | M33: 0 | N33: 0 | O33: 37441 | P33: =SUM(K33:O33) -> 45788872 | R33: 3365273 | S33: 3693441 | T33: 0 | U33: 0 | V33: 22773 | W33: =SUM(R33:V33) -> 7081487
C34: Northfield | D34: 1609.8333 | E34: 199 | F34: 15.833333 | G34: 1 | H34: 32 | I34: =SUM(D34:H34) -> 1857.6667 | K34: 10189153 | L34: 2420080 | M34: 6992925 | N34: 8525879 | O34: 89238 | P34: =SUM(K34:O34) -> 28217275 | R34: 1407138.1 | S34: 390865.09 | T34: 879968.19 | U34: 1066187.1 | V34: 25753.04 | W34: =SUM(R34:V34) -> 3769911.6
C35: Orleans | D35: 582 | E35: 65 | F35: 0 | G35: 1 | H35: 21 | I35: =SUM(D35:H35) -> 669 | K35: 4164360 | L35: 1644934 | M35: 0 | N35: 7332000 | O35: 548763 | P35: =SUM(K35:O35) -> 13690057 | R35: 537698.6 | S35: 232259.58 | T35: 0 | U35: 1086965.4 | V35: 79967.15 | W35: =SUM(R35:V35) -> 1936890.7
C36: Swanton | D36: 3259 | E36: 509 | F36: 0 | G36: 0 | H36: 13 | I36: =SUM(D36:H36) -> 3781 | K36: 26699555 | L36: 26848517 | M36: 0 | N36: 0 | O36: 1071718 | P36: =SUM(K36:O36) -> 54619790 | R36: 3485460 | S36: 3378142 | T36: 0 | U36: 0 | V36: 138781 | W36: =SUM(R36:V36) -> 7002383
C37: Total | D37: =SUM(D26:D36) -> 25902.333 | E37: =SUM(E26:E36) -> 3224.0833 | F37: =SUM(F26:F36) -> 850.33333 | G37: =SUM(G26:G36) -> 14 | H37: =SUM(H26:H36) -> 138.91667 | I37: =SUM(I26:I36) -> 30129.667 | K37: =SUM(K26:K36) -> 1.6790635e+08 | L37: =SUM(L26:L36) -> 76381241 | M37: =SUM(M26:M36) -> 55656573 | N37: =SUM(N26:N36) -> 43846168 | O37: =SUM(O26:O36) -> 3174432.3 | P37: =SUM(P26:P36) -> 3.4696477e+08 | R37: =SUM(R26:R36) -> 25821576 | S37: =SUM(S26:S36) -> 11428420 | T37: =SUM(T26:T36) -> 8829409.3 | U37: =SUM(U26:U36) -> 6166576.8 | V37: =SUM(V26:V36) -> 590880.57 | W37: =SUM(W26:W36) -> 52836863
B41: 2019 | C41: 2019
D42: Customer Count | K42: Annual Retail Sales (kWh) | R42: Annual Retail Revenue ($)
C43: VPPSA MEMBER | D43: Residential | E43: Small Commercial | F43: Large Commercial | G43: Industrial | H43: SL/Other | I43: Total Customer Count | K43: Residential (kWh) | L43: Small Commercial (kWh) | M43: Large Commercial (kWh) | N43: Industrial (kWh) | O43: SL/Other (kWh) | P43: Total Retail Sales (kWh) | R43: Residential ($) | S43: Small Commercial ($) | T43: Large Commercial ($) | U43: Industrial ($) | V43: SL/Other ($) | W43: Total Annual Revenue ($)
C44: Barton | D44: 1957 | E44: 187.16667 | F44: 27 | G44: 0 | H44: 5 | I44: =SUM(D44:H44) -> 2176.1667 | K44: 10099154 | L44: 1017070 | M44: 2332694 | N44: 0 | O44: 115951 | P44: =SUM(K44:O44) -> 13564869 | R44: 1993282 | S44: 218580.94 | T44: 467438.68 | U44: 0 | V44: 34252.94 | W44: =SUM(R44:V44) -> 2713554.6
C45: Enosburg | D45: 1544.25 | E45: 193.91667 | F45: 20.166667 | G45: 4 | H45: 7 | I45: =SUM(D45:H45) -> 1769.3333 | K45: 13654274 | L45: 2326872 | M45: 2943265 | N45: 7210800 | O45: 126686 | P45: =SUM(K45:O45) -> 26261897 | R45: 2193572.8 | S45: 380468.6 | T45: 451034.41 | U45: 932148.11 | V45: 26797.323 | W45: =SUM(R45:V45) -> 3984021.3
C46: Hardwick | D46: 4020 | E46: 398 | F46: 29 | G46: 0 | H46: 20 | I46: =SUM(D46:H46) -> 4467 | K46: 23422104 | L46: =5020669 -> 5020669 | M46: 5174088 | N46: 0 | O46: =122287+45927 -> 168214 | P46: =SUM(K46:O46) -> 33785075 | R46: 4230840 | S46: =919854 -> 919854 | T46: 911324 | U46: 0 | V46: =46577+2384+1 -> 48962 | W46: =SUM(R46:V46) -> 6110980
C47: Jacksonville | D47: 656 | E47: 50 | F47: 0 | G47: 4 | H47: 1 | I47: =SUM(D47:H47) -> 711 | K47: 3468887 | L47: 555038 | M47: 0 | N47: 865613 | O47: 16961.3 | P47: =SUM(K47:O47) -> 4906499.3 | R47: 589947 | S47: 95533.19 | T47: 0 | U47: 150155.92 | V47: 3280.08 | W47: =SUM(R47:V47) -> 838916.19
C48: Johnson | D48: 805 | E48: 123 | F48: 16 | G48: 0 | H48: 33.083333 | I48: =SUM(D48:H48) -> 977.08333 | K48: 5134304 | L48: 1614204.7 | M48: 5770337.3 | N48: 0 | O48: 63661 | P48: =SUM(K48:O48) -> 12582507 | R48: 892953.87 | S48: 309559.67 | T48: 930265.24 | U48: 0 | V48: 15151.86 | W48: =SUM(R48:V48) -> 2147930.6
C49: Ludlow | D49: 3090 | E49: na | F49: =607+117-4 -> 720 | G49: 4 | H49: 3 | I49: =SUM(D49:H49) -> 3817 | K49: 16822880 | L49: na | M49: 18343222 | N49: 19848414 | O49: 324996 | P49: =SUM(K49:O49) -> 55339512 | R49: 2199505 | S49: na | T49: 2843271 | U49: 3107142 | V49: 98236 | W49: =SUM(R49:V49) -> 8248154
C50: Lyndonville | D50: 4836 | E50: 882 | F50: 41 | G50: 0 | H50: 0 | I50: =SUM(D50:H50) -> 5759 | K50: 31319238 | L50: 12105517 | M50: 17952115 | N50: 0 | O50: 477867 | P50: =SUM(K50:O50) -> 61854737 | R50: 4813814.8 | S50: 1840402.9 | T50: 2358616.9 | U50: 0 | V50: 99758 | W50: =SUM(R50:V50) -> 9112592.7
C51: Morrisville | D51: 3498 | E51: 550 | F51: 94 | G51: 0 | H51: 4 | I51: =SUM(D51:H51) -> 4146 | K51: 21460395 | L51: 5438160 | M51: 18243106 | N51: 0 | O51: 38148 | P51: =SUM(K51:O51) -> 45179809 | R51: 3374513 | S51: 876899 | T51: 2761860 | U51: 0 | V51: 22597 | W51: =SUM(R51:V51) -> 7035869
C52: Northfield | D52: 1620.3333 | E52: 193.08333 | F52: 16.166667 | G52: 1 | H52: 32 | I52: =SUM(D52:H52) -> 1862.5833 | K52: 10186640 | L52: 2384371 | M52: 7314434 | N52: 8849076 | O52: 89453 | P52: =SUM(K52:O52) -> 28823974 | R52: 1404573.9 | S52: 381453.29 | T52: 840329.78 | U52: 1105238.9 | V52: 25796.15 | W52: =SUM(R52:V52) -> 3757392.1
C53: Orleans | D53: 575 | E53: 68 | F53: 0 | G53: 1 | H53: 21 | I53: =SUM(D53:H53) -> 665 | K53: 3938087 | L53: 1571359 | M53: 0 | N53: 6624000 | O53: 554536 | P53: =SUM(K53:O53) -> 12687982 | R53: 510863.49 | S53: 223244.77 | T53: 0 | U53: 1010195.9 | V53: 80854.49 | W53: =SUM(R53:V53) -> 1825158.7
C54: Swanton | D54: 3289 | E54: 421 | F54: 0 | G54: 0 | H54: 13 | I54: =SUM(D54:H54) -> 3723 | K54: 26143717 | L54: 25850209 | M54: 0 | N54: 0 | O54: 1144637 | P54: =SUM(K54:O54) -> 53138563 | R54: 3402759 | S54: 3241062 | T54: 0 | U54: 0 | V54: 144074 | W54: =SUM(R54:V54) -> 6787895
C55: Total | D55: =SUM(D44:D54) -> 25890.583 | E55: =SUM(E44:E54) -> 3066.1667 | F55: =SUM(F44:F54) -> 963.33333 | G55: =SUM(G44:G54) -> 14 | H55: =SUM(H44:H54) -> 139.08333 | I55: =SUM(I44:I54) -> 30073.167 | K55: =SUM(K44:K54) -> 1.6564968e+08 | L55: =SUM(L44:L54) -> 57883470 | M55: =SUM(M44:M54) -> 78073261 | N55: =SUM(N44:N54) -> 43397903 | O55: =SUM(O44:O54) -> 3121110.3 | P55: =SUM(P44:P54) -> 3.4812542e+08 | R55: =SUM(R44:R54) -> 25606625 | S55: =SUM(S44:S54) -> 8487058.4 | T55: =SUM(T44:T54) -> 11564140 | U55: =SUM(U44:U54) -> 6304880.9 | V55: =SUM(V44:V54) -> 599759.84 | W55: =SUM(W44:W54) -> 52562464
B59: 2020 | C59: 2020
D60: Customer Count | K60: Annual Retail Sales (kWh) | R60: Annual Retail Revenue ($)
C61: VPPSA MEMBER | D61: Residential | E61: Small Commercial | F61: Large Commercial | G61: Industrial | H61: SL/Other | I61: Total Customer Count | K61: Residential (kWh) | L61: Small Commercial (kWh) | M61: Large Commercial (kWh) | N61: Industrial (kWh) | O61: SL/Other (kWh) | P61: Total Retail Sales (kWh) | R61: Residential ($) | S61: Small Commercial ($) | T61: Large Commercial ($) | U61: Industrial ($) | V61: SL/Other ($) | W61: Total Annual Revenue ($)
C62: Barton | D62: 1969.25 | E62: 185.91667 | F62: 26 | G62: 0 | H62: 5 | I62: =SUM(D62:H62) -> 2186.1667 | K62: 10862720 | L62: 902219 | M62: 2128822 | N62: 0 | O62: 130160 | P62: =SUM(K62:O62) -> 14023921 | R62: 2152392.5 | S62: 197282.93 | T62: 425107.37 | U62: 0 | V62: 34982.92 | W62: =SUM(R62:V62) -> 2809765.7
C63: Enosburg | D63: 1558.8333 | E63: 195 | F63: 21 | G63: 4 | H63: 7 | I63: =SUM(D63:H63) -> 1785.8333 | K63: 14305721 | L63: 2129518 | M63: 2901605 | N63: 6972120 | O63: 83813 | P63: =SUM(K63:O63) -> 26392777 | R63: 2343160.9 | S63: 358067.37 | T63: 453452.31 | U63: 927789.39 | V63: 17667.175 | W63: =SUM(R63:V63) -> 4100137.1
C64: Hardwick | D64: 4203 | E64: 379 | F64: 34 | G64: 0 | H64: 20 | I64: =SUM(D64:H64) -> 4636 | K64: 24488770 | L64: 5037580 | M64: 4925179 | N64: 0 | O64: 154895.66 | P64: =SUM(K64:O64) -> 34606425 | R64: 4124408 | S64: 889550.76 | T64: 825124.7 | U64: 0 | V64: 45241.51 | W64: =SUM(R64:V64) -> 5884324.9
C65: Jacksonville | D65: 663.41667 | E65: 50.416667 | F65: 0 | G65: 4 | H65: 1 | I65: =SUM(D65:H65) -> 718.83333 | K65: 3637588 | L65: 578354 | M65: 0 | N65: 732662 | O65: 17226 | P65: =SUM(K65:O65) -> 4965830 | R65: 625211.56 | S65: 99444.27 | T65: 0 | U65: 130909.88 | V65: 3311.22 | W65: =SUM(R65:V65) -> 858876.93
C66: Johnson | D66: 810.5 | E66: 120.91667 | F66: 17 | G66: 0 | H66: 33 | I66: =SUM(D66:H66) -> 981.41667 | K66: 5474159.2 | L66: 1343704.8 | M66: 4671221.2 | N66: 0 | O66: 63776 | P66: =SUM(K66:O66) -> 11552861 | R66: 948377.49 | S66: 262559.9 | T66: 788275.66 | U66: 0 | V66: 15192.2 | W66: =SUM(R66:V66) -> 2014405.3
C67: Ludlow | D67: 3085 | E67: 642 | F67: 117 | G67: na | H67: 9 | I67: =SUM(D67:H67) -> 3853 | K67: 18985814 | L67: 3426226 | M67: 27789576 | N67: na | O67: =319162+1 -> 319163 | P67: =SUM(K67:O67) -> 50520779 | R67: 2550667 | S67: 661335 | T67: 4314820 | U67: na | V67: 99353 | W67: =SUM(R67:V67) -> 7626175
C68: Lyndonville | D68: 4865.5 | E68: 907.66667 | F68: 41 | G68: 0 | H68: 0 | I68: =SUM(D68:H68) -> 5814.1667 | K68: 32187261 | L68: 11528733 | M68: 15791850 | N68: 0 | O68: 476968 | P68: =SUM(K68:O68) -> 59984812 | R68: 4979695 | S68: 1760150 | T68: 2150014 | U68: 0 | V68: 100271 | W68: =SUM(R68:V68) -> 8990130
C69: Morrisville | D69: 3602 | E69: 564 | F69: 98 | G69: 0 | H69: 4 | I69: =SUM(D69:H69) -> 4268 | K69: 22894833 | L69: 5242915 | M69: 17889995 | N69: 0 | O69: 37380 | P69: =SUM(K69:O69) -> 46065123 | R69: 3572479 | S69: 802659 | T69: 2710409 | U69: 0 | V69: 22597 | W69: =SUM(R69:V69) -> 7108144
C70: Northfield | D70: 1619.5 | E70: 192 | F70: 16 | G70: 1 | H70: 32 | I70: =SUM(D70:H70) -> 1860.5 | K70: 10696038 | L70: 2639620.4 | M70: 6263633.6 | N70: 7241326 | O70: 88271 | P70: =SUM(K70:O70) -> 26928889 | R70: 1473533.3 | S70: 388457.76 | T70: 714240.99 | U70: 915528.91 | V70: 25531.51 | W70: =SUM(R70:V70) -> 3517292.4
C71: Orleans | D71: 577.08333 | E71: 68 | F71: 0 | G71: 1 | H71: 20.916667 | I71: =SUM(D71:H71) -> 667 | K71: 4042098 | L71: 1627329 | M71: 0 | N71: 5743200 | O71: 536306 | P71: =SUM(K71:O71) -> 11948933 | R71: 523072 | S71: 230734.74 | T71: 0 | U71: 903104.82 | V71: 78560.212 | W71: =SUM(R71:V71) -> 1735471.8
C72: Swanton | D72: 3327 | E72: 414 | F72: 0 | G72: 0 | H72: 13 | I72: =SUM(D72:H72) -> 3754 | K72: 27461438 | L72: 25143039 | M72: 0 | N72: 0 | O72: 1132655 | P72: =SUM(K72:O72) -> 53737132 | R72: 3540746 | S72: 3181951 | T72: 0 | U72: 0 | V72: 143862 | W72: =SUM(R72:V72) -> 6866559
C73: Total | D73: =SUM(D62:D72) -> 26281.083 | E73: =SUM(E62:E72) -> 3718.9167 | F73: =SUM(F62:F72) -> 370 | G73: =SUM(G62:G72) -> 10 | H73: =SUM(H62:H72) -> 144.91667 | I73: =SUM(I62:I72) -> 30524.917 | K73: =SUM(K62:K72) -> 1.7503644e+08 | L73: =SUM(L62:L72) -> 59599238 | M73: =SUM(M62:M72) -> 82361882 | N73: =SUM(N62:N72) -> 20689308 | O73: =SUM(O62:O72) -> 3040613.7 | P73: =SUM(P62:P72) -> 3.4072748e+08 | R73: =SUM(R62:R72) -> 26833743 | S73: =SUM(S62:S72) -> 8832192.7 | T73: =SUM(T62:T72) -> 12381444 | U73: =SUM(U62:U72) -> 2877333 | V73: =SUM(V62:V72) -> 586569.75 | W73: =SUM(W62:W72) -> 51511282
B77: 2021 | C77: 2021
D78: Customer Count | K78: Annual Retail Sales (kWh) | R78: Annual Retail Revenue ($)*
C79: VPPSA MEMBER | D79: Residential | E79: Small Commercial | F79: Large Commercial | G79: Industrial | H79: SL/Other | I79: Total Customer Count | K79: Residential (kWh) | L79: Small Commercial (kWh) | M79: Large Commercial (kWh) | N79: Industrial (kWh) | O79: SL/Other (kWh) | P79: Total Retail Sales (kWh) | R79: Residential ($) | S79: Small Commercial ($) | T79: Large Commercial ($) | U79: Industrial ($) | V79: SL/Other ($) | W79: Total Annual Revenue ($)
C80: Barton | D80: 1977.5 | E80: 184.25 | F80: 26.333333 | G80: 0 | H80: 5 | I80: =SUM(D80:H80) -> 2193.0833 | K80: 10936635 | L80: 969661 | M80: 2207167 | N80: 0 | O80: 118088 | P80: =SUM(K80:O80) -> 14231551 | R80: 2092075.5 | S80: 204305.79 | T80: 428074.7 | U80: 0 | V80: 30637.25 | W80: =SUM(R80:V80) -> 2755093.3
C81: Enosburg | D81: 1569.5833 | E81: 195.66667 | F81: 20.416667 | G81: 4 | H81: 7 | I81: =SUM(D81:H81) -> 1796.6667 | K81: 14365659 | L81: 2226114 | M81: 2938576 | N81: 7007520 | O81: 64260 | P81: =SUM(K81:O81) -> 26602129 | R81: 2420802.6 | S81: 383512.67 | T81: 471775.97 | U81: 1031816.4 | V81: 14763.496 | W81: =SUM(R81:V81) -> 4322671.1
C82: Hardwick | D82: 3929.5 | E82: 364 | F82: 22.5 | G82: 0 | H82: 11 | I82: =SUM(D82:H82) -> 4327 | K82: 24869917 | L82: 4937456 | M82: 5527444 | N82: 0 | O82: 153435 | P82: =SUM(K82:O82) -> 35488252 | R82: 4246816.1 | S82: 902411.75 | T82: 946819.51 | U82: 0 | V82: 41053.65 | W82: =SUM(R82:V82) -> 6137101.1
C83: Jacksonville | D83: 670.16667 | E83: 53.416667 | F83: 0 | G83: 4 | H83: 1 | I83: =SUM(D83:H83) -> 728.58333 | K83: 3793058 | L83: 593617 | M83: 0 | N83: 790907 | O83: 17172 | P83: =SUM(K83:O83) -> 5194754 | R83: 651209.08 | S83: 102041.66 | T83: 0 | U83: 140374.59 | V83: 3300.84 | W83: =SUM(R83:V83) -> 896926.17
C84: Johnson | D84: 821 | E84: 123 | F84: 18 | G84: 0 | H84: 34 | I84: =SUM(D84:H84) -> 996 | K84: 5396836 | L84: 1302901 | M84: 5334938 | N84: 0 | O84: 63993 | P84: =SUM(K84:O84) -> 12098668 | R84: 936988.88 | S84: 254243.5 | T84: 871044.24 | U84: 0 | V84: 15226.84 | W84: =SUM(R84:V84) -> 2077503.5
C85: Ludlow | D85: 2975 | E85: 585 | F85: 121 | G85: na | H85: 11 | I85: =SUM(D85:H85) -> 3692 | K85: 17416982 | L85: 5007407 | M85: 28168429 | N85: na | O85: 180496 | P85: =SUM(K85:O85) -> 50773314 | R85: 2325768 | S85: 924325 | T85: 4183104 | U85: na | V85: 92365 | W85: =SUM(R85:V85) -> 7525562
C86: Lyndonville | D86: 4905 | E86: 938 | F86: 40 | G86: 0 | H86: 0 | I86: =SUM(D86:H86) -> 5883 | K86: 32753090 | L86: 11903747 | M86: 16943526 | N86: 0 | O86: 476514 | P86: =SUM(K86:O86) -> 62076877 | R86: 5047890.3 | S86: 1836012.5 | T86: 2339927.3 | U86: 0 | V86: 100728.28 | W86: =SUM(R86:V86) -> 9324558.5
C87: Morrisville | D87: 3593 | E87: 567 | F87: 99 | G87: 0 | H87: 11 | I87: =SUM(D87:H87) -> 4270 | K87: 23068072 | L87: 5172574 | M87: 18080775 | N87: 0 | O87: 68699 | P87: =SUM(K87:O87) -> 46390120 | R87: 3603031 | S87: 708145 | T87: 2756750 | U87: 0 | V87: 33205 | W87: =SUM(R87:V87) -> 7101131
C88: Northfield | D88: 1621.5833 | E88: 193.16667 | F88: 16.5 | G88: 1 | H88: 32 | I88: =SUM(D88:H88) -> 1864.25 | K88: 10594021 | L88: 2565390.9 | M88: 7218841.1 | N88: 7896119 | O88: 88147 | P88: =SUM(K88:O88) -> 28362519 | R88: 1459092 | S88: 359395.11 | T88: 849989.9 | U88: 989038.19 | V88: 25476.22 | W88: =SUM(R88:V88) -> 3682991.4
C89: Orleans | D89: 579.58333 | E89: 68 | F89: 0 | G89: 1 | H89: 22.833333 | I89: =SUM(D89:H89) -> 671.41667 | K89: 4065215 | L89: 1677040 | M89: 0 | N89: 6616800 | O89: 499552 | P89: =SUM(K89:O89) -> 12858607 | R89: 525695.5 | S89: 237276.52 | T89: 0 | U89: 992702.12 | V89: 74484.91 | W89: =SUM(R89:V89) -> 1830159.1
C90: Swanton | D90: 3340 | E90: 332 | F90: 85 | G90: 0 | H90: 13 | I90: =SUM(D90:H90) -> 3770 | K90: 27226447 | L90: 2886433 | M90: 21258466 | N90: 0 | O90: 1199706 | P90: =SUM(K90:O90) -> 52571052 | R90: 3604429 | S90: 433386 | T90: 2683290 | U90: 0 | V90: 159974 | W90: =SUM(R90:V90) -> 6881079
C91: Total | D91: =SUM(D80:D90) -> 25981.917 | E91: =SUM(E80:E90) -> 3603.5 | F91: =SUM(F80:F90) -> 448.75 | G91: =SUM(G80:G90) -> 10 | H91: =SUM(H80:H90) -> 147.83333 | I91: =SUM(I80:I90) -> 30192 | K91: =SUM(K80:K90) -> 1.7448593e+08 | L91: =SUM(L80:L90) -> 39242341 | M91: =SUM(M80:M90) -> 1.0767816e+08 | N91: =SUM(N80:N90) -> 22311346 | O91: =SUM(O80:O90) -> 2930062 | P91: =SUM(P80:P90) -> 3.4664784e+08 | R91: =SUM(R80:R90) -> 26913798 | S91: =SUM(S80:S90) -> 6345055.5 | T91: =SUM(T80:T90) -> 15530776 | U91: =SUM(U80:U90) -> 3153931.3 | V91: =SUM(V80:V90) -> 591215.49 | W91: =SUM(W80:W90) -> 52534776
C92: *2021 Revenue data pending final audit results
B95: 5 yr average | C95: VPPSA MEMBER | D95: Residential | E95: Small Commercial | F95: Large Commercial | G95: Industrial | H95: SL/Other | I95: Total Customer Count | K95: Residential (kWh) | L95: Small Commercial (kWh) | M95: Large Commercial (kWh) | N95: Industrial (kWh) | O95: SL/Other (kWh) | P95: Total Retail Sales (kWh) | R95: Residential ($) | S95: Small Commercial ($) | T95: Large Commercial ($) | U95: Industrial ($) | V95: SL/Other ($) | W95: Total Annual Revenue ($)
C96: Barton | D96: =AVERAGE(D8, D26,D44,D62,D80) -> 1959.55 | E96: =AVERAGE(E8, E26,E44,E62,E80) -> 186.86667 | F96: =AVERAGE(F8, F26,F44,F62,F80) -> 25.866667 | G96: =AVERAGE(G8, G26,G44,G62,G80) -> 0 | H96: =AVERAGE(H8, H26,H44,H62,H80) -> 4.9666667 | I96: =AVERAGE(I8, I26,I44,I62,I80) -> 2177.25 | K96: =AVERAGE(K8, K26,K44,K62,K80) -> 10428160 | L96: =AVERAGE(L8, L26,L44,L62,L80) -> 969742 | M96: =AVERAGE(M8, M26,M44,M62,M80) -> 2274334.8 | N96: =AVERAGE(N8, N26,N44,N62,N80) -> 0 | O96: =AVERAGE(O8, O26,O44,O62,O80) -> 123556.8 | P96: =AVERAGE(P8, P26,P44,P62,P80) -> 13795794 | R96: =AVERAGE(R8, R26,R44,R62,R80) -> 2061452.4 | S96: =AVERAGE(S8, S26,S44,S62,S80) -> 210182.85 | T96: =AVERAGE(T8, T26,T44,T62,T80) -> 453136.45 | U96: =AVERAGE(U8, U26,U44,U62,U80) -> 0 | V96: =AVERAGE(V8, V26,V44,V62,V80) -> 33591.368 | W96: =AVERAGE(W8, W26,W44,W62,W80) -> 2758363
C97: Enosburg | D97: =AVERAGE(D9, D27,D45,D63,D81) -> 1544.4167 | E97: =AVERAGE(E9, E27,E45,E63,E81) -> 192.35 | F97: =AVERAGE(F9, F27,F45,F63,F81) -> 20.566667 | G97: =AVERAGE(G9, G27,G45,G63,G81) -> 4 | H97: =AVERAGE(H9, H27,H45,H63,H81) -> 7 | I97: =AVERAGE(I9, I27,I45,I63,I81) -> 1768.3333 | K97: =AVERAGE(K9, K27,K45,K63,K81) -> 14076984 | L97: =AVERAGE(L9, L27,L45,L63,L81) -> 2239332.2 | M97: =AVERAGE(M9, M27,M45,M63,M81) -> 2958502 | N97: =AVERAGE(N9, N27,N45,N63,N81) -> 7063560 | O97: =AVERAGE(O9, O27,O45,O63,O81) -> 117082.85 | P97: =AVERAGE(P9, P27,P45,P63,P81) -> 26455461 | R97: =AVERAGE(R9, R27,R45,R63,R81) -> 2283009.4 | S97: =AVERAGE(S9, S27,S45,S63,S81) -> 372064.23 | T97: =AVERAGE(T9, T27,T45,T63,T81) -> 460881.74 | U97: =AVERAGE(U9, U27,U45,U63,U81) -> 965413.13 | V97: =AVERAGE(V9, V27,V45,V63,V81) -> 22917.521 | W97: =AVERAGE(W9, W27,W45,W63,W81) -> 4104286
C98: Hardwick | D98: =AVERAGE(D10, D28,D46,D64,D82) -> 4055.9 | E98: =AVERAGE(E10, E28,E46,E64,E82) -> 381.4 | F98: =AVERAGE(F10, F28,F46,F64,F82) -> 28.9 | G98: =AVERAGE(G10, G28,G46,G64,G82) -> 0 | H98: =AVERAGE(H10, H28,H46,H64,H82) -> 24.2 | I98: =AVERAGE(I10, I28,I46,I64,I82) -> 4490.4 | K98: =AVERAGE(K10, K28,K46,K64,K82) -> 23890227 | L98: =AVERAGE(L10, L28,L46,L64,L82) -> 4998399.6 | M98: =AVERAGE(M10, M28,M46,M64,M82) -> 5109030.8 | N98: =AVERAGE(N10, N28,N46,N64,N82) -> 0 | O98: =AVERAGE(O10, O28,O46,O64,O82) -> 168404.13 | P98: =AVERAGE(P10, P28,P46,P64,P82) -> 34166061 | R98: =AVERAGE(R10, R28,R46,R64,R82) -> 4159662.4 | S98: =AVERAGE(S10, S28,S46,S64,S82) -> 908119.5 | T98: =AVERAGE(T10, T28,T46,T64,T82) -> 869292.04 | U98: =AVERAGE(U10, U28,U46,U64,U82) -> 0 | V98: =AVERAGE(V10, V28,V46,V64,V82) -> 45020.032 | W98: =AVERAGE(W10, W28,W46,W64,W82) -> 5982094
C99: Jacksonville | D99: =AVERAGE(D11, D29,D47,D65,D83) -> 660.13333 | E99: =AVERAGE(E11, E29,E47,E65,E83) -> 51.266667 | F99: =AVERAGE(F11, F29,F47,F65,F83) -> 0 | G99: =AVERAGE(G11, G29,G47,G65,G83) -> 4 | H99: =AVERAGE(H11, H29,H47,H65,H83) -> 1 | I99: =AVERAGE(I11, I29,I47,I65,I83) -> 716.4 | K99: =AVERAGE(K11, K29,K47,K65,K83) -> 3580407.2 | L99: =AVERAGE(L11, L29,L47,L65,L83) -> 573252.2 | M99: =AVERAGE(M11, M29,M47,M65,M83) -> 0 | N99: =AVERAGE(N11, N29,N47,N65,N83) -> 830993.8 | O99: =AVERAGE(O11, O29,O47,O65,O83) -> 17099.32 | P99: =AVERAGE(P11, P29,P47,P65,P83) -> 5001752.5 | R99: =AVERAGE(R11, R29,R47,R65,R83) -> 607185.05 | S99: =AVERAGE(S11, S29,S47,S65,S83) -> 98862.69 | T99: =AVERAGE(T11, T29,T47,T65,T83) -> 0 | U99: =AVERAGE(U11, U29,U47,U65,U83) -> 145646.38 | V99: =AVERAGE(V11, V29,V47,V65,V83) -> 3298.764 | W99: =AVERAGE(W11, W29,W47,W65,W83) -> 854992.89
C100: Johnson | D100: =AVERAGE(D12, D30,D48,D66,D84) -> 805.26667 | E100: =AVERAGE(E12, E30,E48,E66,E84) -> 123.46667 | F100: =AVERAGE(F12, F30,F48,F66,F84) -> 15.866667 | G100: =AVERAGE(G12, G30,G48,G66,G84) -> 0 | H100: =AVERAGE(H12, H30,H48,H66,H84) -> 33.233333 | I100: =AVERAGE(I12, I30,I48,I66,I84) -> 977.83333 | K100: =AVERAGE(K12, K30,K48,K66,K84) -> 5217251.4 | L100: =AVERAGE(L12, L30,L48,L66,L84) -> 1529267.8 | M100: =AVERAGE(M12, M30,M48,M66,M84) -> 5387115.9 | N100: =AVERAGE(N12, N30,N48,N66,N84) -> 0 | O100: =AVERAGE(O12, O30,O48,O66,O84) -> 64847.082 | P100: =AVERAGE(P12, P30,P48,P66,P84) -> 12198482 | R100: =AVERAGE(R12, R30,R48,R66,R84) -> 907410.89 | S100: =AVERAGE(S12, S30,S48,S66,S84) -> 294764.68 | T100: =AVERAGE(T12, T30,T48,T66,T84) -> 878793.87 | U100: =AVERAGE(U12, U30,U48,U66,U84) -> 0 | V100: =AVERAGE(V12, V30,V48,V66,V84) -> 15431.938 | W100: =AVERAGE(W12, W30,W48,W66,W84) -> 2096401.4
C101: Ludlow | D101: =AVERAGE(D13, D31,D49,D67,D85) -> 3045.8 | E101: =AVERAGE(E13, E31,E49,E67,E85) -> 613.5 | F101: =AVERAGE(F13, F31,F49,F67,F85) -> 473 | G101: =AVERAGE(G13, G31,G49,G67,G85) -> 4 | H101: =AVERAGE(H13, H31,H49,H67,H85) -> 6.2 | I101: =AVERAGE(I13, I31,I49,I67,I85) -> 3772.8 | K101: =AVERAGE(K13, K31,K49,K67,K85) -> 17269118 | L101: =AVERAGE(L13, L31,L49,L67,L85) -> 4216816.5 | M101: =AVERAGE(M13, M31,M49,M67,M85) -> 21788981 | N101: =AVERAGE(N13, N31,N49,N67,N85) -> 17752572 | O101: =AVERAGE(O13, O31,O49,O67,O85) -> 330308.4 | P101: =AVERAGE(P13, P31,P49,P67,P85) -> 51726677 | R101: =AVERAGE(R13, R31,R49,R67,R85) -> 2291905.6 | S101: =AVERAGE(S13, S31,S49,S67,S85) -> 792830 | T101: =AVERAGE(T13, T31,T49,T67,T85) -> 3423060.4 | U101: =AVERAGE(U13, U31,U49,U67,U85) -> 2773268.3 | V101: =AVERAGE(V13, V31,V49,V67,V85) -> 97838 | W101: =AVERAGE(W13, W31,W49,W67,W85) -> 7793897
C102: Lyndonville | D102: =AVERAGE(D14, D32,D50,D68,D86) -> 4854.1 | E102: =AVERAGE(E14, E32,E50,E68,E86) -> 889.28333 | F102: =AVERAGE(F14, F32,F50,F68,F86) -> 41.05 | G102: =AVERAGE(G14, G32,G50,G68,G86) -> 0 | H102: =AVERAGE(H14, H32,H50,H68,H86) -> 0 | I102: =AVERAGE(I14, I32,I50,I68,I86) -> 5785.6333 | K102: =AVERAGE(K14, K32,K50,K68,K86) -> 31562109 | L102: =AVERAGE(L14, L32,L50,L68,L86) -> 11695059 | M102: =AVERAGE(M14, M32,M50,M68,M86) -> 16936564 | N102: =AVERAGE(N14, N32,N50,N68,N86) -> 0 | O102: =AVERAGE(O14, O32,O50,O68,O86) -> 479246.6 | P102: =AVERAGE(P14, P32,P50,P68,P86) -> 60672979 | R102: =AVERAGE(R14, R32,R50,R68,R86) -> 4894476.5 | S102: =AVERAGE(S14, S32,S50,S68,S86) -> 1826212.7 | T102: =AVERAGE(T14, T32,T50,T68,T86) -> 2344261.8 | U102: =AVERAGE(U14, U32,U50,U68,U86) -> 0 | V102: =AVERAGE(V14, V32,V50,V68,V86) -> 100689.86 | W102: =AVERAGE(W14, W32,W50,W68,W86) -> 9165640.9
C103: Morrisville | D103: =AVERAGE(D15, D33,D51,D69,D87) -> 3544.8 | E103: =AVERAGE(E15, E33,E51,E69,E87) -> 594.2 | F103: =AVERAGE(F15, F33,F51,F69,F87) -> 58.2 | G103: =AVERAGE(G15, G33,G51,G69,G87) -> 0 | H103: =AVERAGE(H15, H33,H51,H69,H87) -> 5 | I103: =AVERAGE(I15, I33,I51,I69,I87) -> 4202.2 | K103: =AVERAGE(K15, K33,K51,K69,K87) -> 21976026 | L103: =AVERAGE(L15, L33,L51,L69,L87) -> 12632608 | M103: =AVERAGE(M15, M33,M51,M69,M87) -> 10842775 | N103: =AVERAGE(N15, N33,N51,N69,N87) -> 0 | O103: =AVERAGE(O15, O33,O51,O69,O87) -> 43813.6 | P103: =AVERAGE(P15, P33,P51,P69,P87) -> 45495223 | R103: =AVERAGE(R15, R33,R51,R69,R87) -> 3437523 | S103: =AVERAGE(S15, S33,S51,S69,S87) -> 1945230.8 | T103: =AVERAGE(T15, T33,T51,T69,T87) -> 1645803.8 | U103: =AVERAGE(U15, U33,U51,U69,U87) -> 0 | V103: =AVERAGE(V15, V33,V51,V69,V87) -> 24770.4 | W103: =AVERAGE(W15, W33,W51,W69,W87) -> 7053328
C104: Northfield | D104: =AVERAGE(D16, D34,D52,D70,D88) -> 1615.0167 | E104: =AVERAGE(E16, E34,E52,E70,E88) -> 195.63333 | F104: =AVERAGE(F16, F34,F52,F70,F88) -> 16.083333 | G104: =AVERAGE(G16, G34,G52,G70,G88) -> 1 | H104: =AVERAGE(H16, H34,H52,H70,H88) -> 32 | I104: =AVERAGE(I16, I34,I52,I70,I88) -> 1859.7333 | K104: =AVERAGE(K16, K34,K52,K70,K88) -> 10305697 | L104: =AVERAGE(L16, L34,L52,L70,L88) -> 2482916.5 | M104: =AVERAGE(M16, M34,M52,M70,M88) -> 6927681.7 | N104: =AVERAGE(N16, N34,N52,N70,N88) -> 8180824.8 | O104: =AVERAGE(O16, O34,O52,O70,O88) -> 89409.4 | P104: =AVERAGE(P16, P34,P52,P70,P88) -> 27986529 | R104: =AVERAGE(R16, R34,R52,R70,R88) -> 1421000.5 | S104: =AVERAGE(S16, S34,S52,S70,S88) -> 381598.52 | T104: =AVERAGE(T16, T34,T52,T70,T88) -> 834282.01 | U104: =AVERAGE(U16, U34,U52,U70,U88) -> 1025473.9 | V104: =AVERAGE(V16, V34,V52,V70,V88) -> 25792.168 | W104: =AVERAGE(W16, W34,W52,W70,W88) -> 3688147.1
C105: Orleans | D105: =AVERAGE(D17, D35,D53,D71,D89) -> 579.13333 | E105: =AVERAGE(E17, E35,E53,E71,E89) -> 66.8 | F105: =AVERAGE(F17, F35,F53,F71,F89) -> 0 | G105: =AVERAGE(G17, G35,G53,G71,G89) -> 1 | H105: =AVERAGE(H17, H35,H53,H71,H89) -> 21.35 | I105: =AVERAGE(I17, I35,I53,I71,I89) -> 668.28333 | K105: =AVERAGE(K17, K35,K53,K71,K89) -> 4026253 | L105: =AVERAGE(L17, L35,L53,L71,L89) -> 1621318.2 | M105: =AVERAGE(M17, M35,M53,M71,M89) -> 0 | N105: =AVERAGE(N17, N35,N53,N71,N89) -> 6655200 | O105: =AVERAGE(O17, O35,O53,O71,O89) -> 533567 | P105: =AVERAGE(P17, P35,P53,P71,P89) -> 12836338 | R105: =AVERAGE(R17, R35,R53,R71,R89) -> 521194.91 | S105: =AVERAGE(S17, S35,S53,S71,S89) -> 229522.31 | T105: =AVERAGE(T17, T35,T53,T71,T89) -> 0 | U105: =AVERAGE(U17, U35,U53,U71,U89) -> 1008170.8 | V105: =AVERAGE(V17, V35,V53,V71,V89) -> 78239.597 | W105: =AVERAGE(W17, W35,W53,W71,W89) -> 1837127.6
C106: Swanton | D106: =AVERAGE(D18, D36,D54,D72,D90) -> 3295.6 | E106: =AVERAGE(E18, E36,E54,E72,E90) -> 401.6 | F106: =AVERAGE(F18, F36,F54,F72,F90) -> 31 | G106: =AVERAGE(G18, G36,G54,G72,G90) -> 0 | H106: =AVERAGE(H18, H36,H54,H72,H90) -> 13 | I106: =AVERAGE(I18, I36,I54,I72,I90) -> 3741.2 | K106: =AVERAGE(K18, K36,K54,K72,K90) -> 26510905 | L106: =AVERAGE(L18, L36,L54,L72,L90) -> 16977843 | M106: =AVERAGE(M18, M36,M54,M72,M90) -> 8808733.6 | N106: =AVERAGE(N18, N36,N54,N72,N90) -> 0 | O106: =AVERAGE(O18, O36,O54,O72,O90) -> 1115889.6 | P106: =AVERAGE(P18, P36,P54,P72,P90) -> 53413371 | R106: =AVERAGE(R18, R36,R54,R72,R90) -> 3466814.4 | S106: =AVERAGE(S18, S36,S54,S72,S90) -> 2169391.4 | T106: =AVERAGE(T18, T36,T54,T72,T90) -> 1142213.2 | U106: =AVERAGE(U18, U36,U54,U72,U90) -> 0 | V106: =AVERAGE(V18, V36,V54,V72,V90) -> 144253.8 | W106: =AVERAGE(W18, W36,W54,W72,W90) -> 6922672.8

Sheet Outputs
B4: Scenario: 25% discount, 30% participation rate, +/- 10% qualifying households
B7: Low $ | C7: High $ | E7: Low % | F7: High %
A8: GMP | B8: 1.3264349 | C8: 1.6211983 | E8: 0.012469178 | F8: 0.015240107
A9: VEC | B9: 1.3449692 | C9: 1.6438512 | E9: 0.012905306 | F9: 0.015773152
A10: WEC | B10: 1.6121547 | C10: 1.9704113 | E10: 0.015135295 | F10: 0.018498694
A11: BED | B11: 1.4103698 | C11: 1.7237853 | E11: 0.021683087 | F11: 0.02650155
A12: Stowe | B12: 1.5192182 | C12: 1.8568223 | E12: 0.014004213 | F12: 0.01711626
A13: Hyde Park | B13: 1.2612046 | C13: 1.5414723 | E13: 0.01228494 | F13: 0.015014927
A14: Barton | B14: 1.8533898 | C14: 2.2652542 | E14: 0.02114127 | F14: 0.02583933
A15: Enosburg | B15: 1.7429195 | C15: 2.130235 | E15: 0.014148662 | F15: 0.017292809
A16: Hardwick | B16: 1.073403 | C16: 1.311937 | E16: 0.012559525 | F16: 0.01535053
A17: Jacksonville | B17: 1.2776821 | C17: 1.5616115 | E17: 0.016669196 | F17: 0.020373462
A18: Johnson | B18: 1.9157011 | C18: 2.3414124 | E18: 0.020400684 | F18: 0.024934169
A19: Ludlow | B19: 0.94311478 | C19: 1.1526958 | E19: 0.015040091 | F19: 0.018382333
... A26: Statewide minus GMP | B26: 1.4306301 | C26: 1.7485479 | E26: 0.015596624 | F26: 0.019062541
